Selects Advanced Infantry Battlegroup
Selects Advanced Infantry Battlegroup
Construct Medical Station
Selects Convert to Ranger Squad
Selects Artillery Observers
M1918 Browning Automatic Rifles
Selects Frontline Medical Station
M4(105) Sherman Bulldozer
M18 Hellcat Tank Destroyer
M18 Hellcat Tank Destroyer
M18 Hellcat Tank Destroyer
Selects M2A1 105mm Howitzer Emplacement
Selects 155mm Rapid Artillery Barrage
M18 Hellcat Tank Destroyer